 Dungeon Crawl Stone Soup version 0.20-a0-924-gfa95efa (webtiles) character file.

95 Rrauwl the Shooter (level 4, -4/55 HPs)
             Began as a Barachi Hunter on Mar 27, 2017.
             Slain by a hornet zombie (7 damage)
             ... on level 3 of the Dungeon.
             The game lasted 00:06:25 (1295 turns).

Rrauwl the Shooter (Barachi Hunter)                 Turns: 1295, Time: 00:06:26

Health: -4/55      AC: 22    Str: 14    XL:     4   Next: 65%
Magic:  4/4        EV:  2    Int: 12    God:
Gold:   182        SH:  0    Dex: 12    Spells: 3/3 levels left

rFire    . . .     SeeInvis .   a - +1 shortbow
rCold    . . .     Gourm    .   (shield currently unavailable)
rNeg     + + +     Faith    .   (armour currently unavailable)
rPois    +         Spirit   .   (helmet currently unavailable)
rElec    .         Reflect  .   (cloak currently unavailable)
rCorr    .         Harm     .   (gloves currently unavailable)
MR       .....     NoTele   +   (boots currently unavailable)
Stlth    ++........             j - amulet of magic regeneration
Regen    0.2/turn               u - +5 ring of evasion
MPRegen  0.2/turn               (no ring)

@: tree-form
A: +LOS, swims, (slowness 0), (strong legs 0)
a: no special abilities


You were on level 3 of the Dungeon.
You were not hungry.
You were a tree.
You visited 1 branch of the dungeon, and saw 3 of its levels.

You collected 182 gold pieces.

Inventory:

Hand Weapons
 a - a +1 shortbow (weapon)
 b - a +0 short sword
Missiles
 d - 26 arrows (quivered)
Armour
 c - a +0 leather armour (melded)
Jewellery
 j - an amulet of magic regeneration (around neck)
 u - a +5 ring of evasion (left branch)
Scrolls
 e - a scroll of recharging {unknown}
 k - 3 scrolls of enchant weapon {unknown}
 m - 3 scrolls of remove curse {unknown}
 o - a scroll of magic mapping {unknown}
 p - 2 scrolls of amnesia {unknown}
 q - a scroll of enchant armour {unknown}
 s - a scroll of teleportation {unknown}
 t - 3 scrolls of noise {unknown}
Potions
 h - a potion of flight {unknown}
 i - 2 potions of curing {unknown}
 n - 2 potions of lignification
 r - a potion of agility {unknown}
Comestibles
 f - 2 bread rations
 g - 11 chunks of flesh
 l - 6 fruits


   Skills:
 + Level 3.9 Fighting
 + Level 4.5 Bows
 + Level 1.6 Armour
 + Level 2.7 Dodging
 - Level 1.5 Stealth


You had 3 spell levels left.
You didn't know any spells.

Dungeon Overview and Level Annotations

Branches:
Dungeon (3/15)

Altars:
Elyvilon
Gozag
Zin


Innate Abilities, Weirdness & Mutations

Shadows flee at your approach. (+LOS)
You can swim through water.
((You cover ground slowly.))
((You can hop short distances.))


Message History

You shoot an arrow. The arrow hits the hornet zombie.
The hornet zombie is severely damaged.
The hornet zombie hits you but does no damage.
Firing (i - inventory):
d - 28 arrows (quivered)
Press: ? - help, Shift-Dir - straight line, f/p - hornet zombie
Aim: a hornet zombie (severely damaged)
You shoot an arrow.
The arrow barely misses the hornet zombie.
The arrow hits the orc but does no damage.
The orc is severely wounded.
The hornet zombie hits you but does no damage.
The hornet zombie hits you.
* * * LOW HITPOINT WARNING * * *
Firing (i - inventory):
d - 27 arrows (quivered)
Press: ? - help, Shift-Dir - straight line, f/p - hornet zombie
Aim: a hornet zombie (severely damaged)
You shoot an arrow. The arrow hits the hornet zombie.
The hornet zombie is severely damaged.
The hornet zombie hits you!
You die...

#............#
#......>.....#
#.....#'######
## #.....#.#
... #.......#
.... #....#..#
.(... ######..#
......
#..#####(......
#.>..♣ZoK(....(
########o..<...
...... ...##
#.# #


You could see 2 orcs, a hornet zombie and a kobold.

Vanquished Creatures
  2 adders (D:2)
  3 oozes
  2 dart slugs (D:1)
  2 leopard geckos
  6 orcs (D:3)
  A ball python (D:3)
  9 bats
  2 giant cockroaches (D:2)
  4 goblins
  5 hobgoblins
  3 kobolds
  A quokka (D:2)
  4 frilled lizards
  4 rats
48 creatures vanquished.

Notes
Turn   | Place    | Note
-------+----------+-------------------------------------------
     0 | D:1      | Rrauwl the Barachi Hunter began the quest for the Orb.
     0 | D:1      | Reached XP level 1. HP: 17/17 MP: 1/1
   157 | D:1      | Reached XP level 2. HP: 24/24 MP: 2/2
   502 | D:2      | Reached skill level 1 in Stealth
   502 | D:2      | Reached XP level 3. HP: 29/29 MP: 3/3
   684 | D:2      | Reached XP level 4. HP: 23/37 MP: 4/4
   730 | D:2      | Found a glowing silver altar of Zin.
   772 | D:2      | Reached skill level 1 in Armour
  1085 | D:3      | Found an opulent altar of Gozag.
  1159 | D:3      | Found a white marble altar of Elyvilon.
  1294 | D:3      | HP: 2/55 [hornet zombie (5)]
  1295 | D:3      | Slain by a hornet zombie

Vault maps used:
D:1:      dpeg_arrival_tiny_a, patterned_corridor
D:2:      zin_statuary, grunt_ministairs_12
D:3:      marbit_many_paths, old_standard_altar, nicolae_gozag_seed_capital,
          kennysheep_generic_room_13

Skill      XL: |  1  2  3  4 |
---------------+-------------+-----
Fighting       | 3 |  3.9
Stealth        | 1 |  1.5
Armour         | 1 |  1.6
Bows           | |  4.5
Dodging        | |  2.7

Action                   |  1- 3 |  4- 6 || total
-------------------------+-------+-------++-------
 Fire: Shortbow          |    83 |    71 ||   154
  Use: Potion            |       |     1 ||     1
  Eat: Chunk             |       |     2 ||     2
Armor: Leather armour    |     6 |    14 ||    20
       Skin              |       |     7 ||     7
Dodge: Dodged            |    26 |    26 ||    52
